 Dungeon Crawl Stone Soup version 0.27-a0-522-g46bbb28828 (webtiles) character file.

Game seed: 2583897526488187880

269 srzhan31 the Ogre Mage (level 6, 0/55 HPs)
             Began as an Ogre Fire Elementalist on Mar 4, 2021.
             Slain by an ufetubus (1 damage)
             ... summoned by Eustachio
             ... on level 4 of the Dungeon.
             The game lasted 00:19:37 (2664 turns).

srzhan31 the Ogre Mage (Ogre Fire Elementalist)     Turns: 2664, Time: 00:19:37

Health: 0/55       AC:  3    Str: 13    XL:     6   Next: 22%
Magic:  6/12       EV: 10    Int: 18    God:
Gold:   272        SH:  5    Dex:  9    Spells: 12/13 levels left

rFire    + . .     SeeInvis .   f - +0 mace
rCold    x . .     Faith    .   (no shield)
rNeg     . . .     Spirit   .   a - +0 robe
rPois    .         Reflect  +   (helmet restricted)
rElec    .         Harm     .   (no cloak)
rCorr    .         Rampage  .   (gloves unavailable)
Will     .....                  (boots unavailable)
Stlth    +.........             q - amulet of reflection
HPRegen  0.18/turn              i - ring of fire
MPRegen  0.13/turn              (no ring)

@: no status effects
A: large, unfitting armour, tough skin 1
a: no special abilities


You were on level 4 of the Dungeon.
You visited 1 branch of the dungeon, and saw 4 of its levels.

You collected 272 gold pieces.

Inventory:

Hand Weapons
 f - a +0 mace (weapon)
Missiles
 d - 97 stones
 h - 13 poisoned darts
 p - 5 atropa-tipped darts
Armour
 a - a +0 robe (worn)
Jewellery
 i - a ring of fire (left hand)
 q - an amulet of reflection (around neck)
Scrolls
 b - 3 scrolls of teleportation {unknown}
 c - a scroll of fog {unknown}
 g - a scroll of noise {unknown}
 k - a scroll of fear {unknown}
 l - 4 scrolls of enchant armour {unknown}
 o - 3 scrolls of identify {unknown}
 s - 2 scrolls of random uselessness {unknown}
Potions
 e - a potion of cancellation {unknown}
 j - a potion of mutation {unknown}
 m - 2 potions of curing {unknown}
 n - a potion of heal wounds {unknown}
 r - 3 potions of brilliance {unknown}


   Skills:
 * Level 1.5 Fighting
 + Level 0.4 Maces & Flails
 * Level 0.6 Armour
 * Level 2.2 Dodging
 - Level 1.4 Stealth
 * Level 1.5 Shields
 * Level 4.4 Spellcasting
 * Level 2.1 Conjurations
 * Level 3.6 Fire Magic


You had 12 spell levels left.
You knew the following spells:

 Your Spells              Type           Power        Failure   Level
a - Foxfire               Conj/Fire      84%          4%          1

Your spell library contained the following spells:

 Spells                   Type           Power        Failure   Level
 Conjure Flame            Conj/Fire      21%          13%         3
 Inner Flame              Hex/Fire       15%          21%         3
 Confusing Touch          Hex            3%           38%         3
 Gell's Gravitas          Tloc           1%           38%         3
 Sticky Flame             Conj/Fire      21%          38%         4
 Fireball                 Conj/Fire      10%          75%         5
 Petrify                  Tmut/Erth      3%           80%         4
 Metabolic Englaciation   Hex/Ice        1%           98%         5
 Yara's Violent Unravell  Hex/Tmut       1%           98%         5


Dungeon Overview and Level Annotations

Branches:
Dungeon (4/15)
 Temple: D:4-7

Altars:
Uskayaw
Zin
The Shining One

Annotations:
D:4 Eustachio, Pikel


Innate Abilities, Weirdness & Mutations

You are too large for most types of armour.
You have tough skin. (AC +1)


Message History

Press: ? - help, Q - select action, (/) - cycle Dir - look around, f - activate You feel a surge of power!
You conjure some foxfire!
The shadow imp disappears in a puff of smoke!
The ufetubus hits you.
The ufetubus hits you but does no damage.
The giant cockroach barely misses you. The ufetubus barely misses you.
The ufetubus hits you.
Unknown command.
The foxfire hits the giant cockroach.
The giant cockroach is almost dead.
The foxfire hits the giant cockroach but does no damage.
The giant cockroach is almost dead.
The giant cockroach bites you. Eustachio closely misses you.
The iron imp closely misses you.
Eustachio gestures wildly while chanting.
Eustachio blinks!
You block the iron imp's attack. The white imp gestures at you.
The puff of frost hits you.
You feel a terrible chill! The ufetubus hits you.
You block the ufetubus's attack. The giant cockroach barely misses you.
You block the giant cockroach's attack.
A hound skeleton comes into view.
The ufetubus hits you.
* * * LOW HITPOINT WARNING * * *
You block the ufetubus's attack.
Eustachio gestures wildly while chanting.
Eustachio blinks!
You block the ufetubus's attack. The ufetubus hits you.
* * * LOW HITPOINT WARNING * * *
The white imp shouts, "Slither home, thou hateful sow-suckled buzzard-bait!"
You see here a +0 whip.
The ufetubus hits you.
* * * LOW HITPOINT WARNING * * *
The ufetubus hits you.
* * * LOW HITPOINT WARNING * * *
The ufetubus hits you.
* * * LOW HITPOINT WARNING * * *
The ufetubus hits you.
* * * LOW HITPOINT WARNING * * *
The white imp spits at you. The ufetubus hits you.
You die...

######### #....<@.#
#.#####5# #...#B#
#..# ##5#### #.
#5...# .#
##.#.#.### #
.###...###..
..#####...#.#.#.#.#


You could see an iron imp (summoned), a white imp (summoned), an ufetubus
(summoned) and a giant cockroach.

Vanquished Creatures
  A lemure (D:3)
  A hound (D:4)
  Terence (D:2)
  Jessica (D:3)
  An orc wizard (D:3)
  Natasha (D:2)
  4 gnolls (D:3)
  An adder (D:2)
  An ooze (D:1)
  3 worms
  2 dart slugs
  4 orcs
  3 giant cockroaches
  7 goblins
  10 hobgoblins
  10 jackals
  A ball python (D:1)
  3 bats
  3 frilled lizards (D:1)
  8 kobolds
  6 rats
72 creatures vanquished.

Vanquished Creatures (others)
  229 foxfires
229 creatures vanquished.

Grand Total: 301 creatures vanquished

Notes
Turn   | Place    | Note
-------+----------+-------------------------------------------
     0 | D:1      | srzhan31 the Ogre Fire Elementalist began the quest for the
                  | Orb.
     0 | D:1      | Reached XP level 1. HP: 16/16 MP: 3/3
   118 | D:1      | Reached XP level 2. HP: 24/24 MP: 1/5
   141 | D:1      | Reached skill level 3 in Spellcasting
   313 | D:1      | Reached XP level 3. HP: 12/31 MP: 3/7
   594 | D:1      | Reached skill level 1 in Conjurations
  1182 | D:2      | Noticed Terence
  1210 | D:2      | Killed Terence
  1211 | D:2      | Reached skill level 1 in Fighting
  1211 | D:2      | Reached XP level 4. HP: 25/41 MP: 0/9
  1433 | D:2      | Noticed Natasha
  1444 | D:2      | Killed Natasha
  1686 | D:2      | Reached XP level 5. HP: 41/48 MP: 6/10
  2121 | D:3      | Noticed Jessica
  2126 | D:3      | Killed Jessica
  2127 | D:3      | Reached skill level 1 in Shields
  2240 | D:3      | Found a glowing silver altar of Zin.
  2249 | D:3      | Found a glowing golden altar of the Shining One.
  2318 | D:3      | Reached skill level 4 in Spellcasting
  2326 | D:3      | Reached XP level 6. HP: 36/55 MP: 3/12
  2370 | D:3      | Found a hide-covered altar of Uskayaw.
  2584 | D:4      | Noticed Pikel
  2631 | D:4      | Noticed Eustachio
  2662 | D:4      | HP: 1/55 [ufetubus[Eustachio] (5)]
  2664 | D:4      | Slain by an ufetubus

Illustrated notes

Levels and vault maps discovered:
D:1:      grunt_arrival_crossed_arrows, layout_rooms
D:2:      layout_loops_cross, kennysheep_doodads, uniq_terence, uniq_natasha
D:3:      layout_rooms, marbit_many_paths, minitemple, minmay_crystal_water,
          uniq_jessica
D:4:      layout_loops_cross, gammafunk_ghost_split, uniq_pikel, uniq_eustachio

Skill      XL: |  1  2  3  4  5 |
---------------+----------------+-----
Spellcasting   | 3 4 |  4.4
Fire Magic     | 3 |  3.6
Dodging        | 2 |  2.2
Conjurations   | 1 2 |  2.1
Fighting       | 1 |  1.5
Shields        | 1 |  1.5
Maces & Flails | |  0.4
Armour         | |  0.6
Stealth        | |  1.4

Action                   |  1- 3 |  4- 6 || total
-------------------------+-------+-------++-------
Melee: Unarmed           |     6 |       ||     6
       Mace              |    12 |    21 ||    33
 Cast: Foxfire           |    66 |    67 ||   133
Armor: Robe              |    23 |    14 ||    37
Dodge: Dodged            |    35 |    28 ||    63
Block: Other             |       |    13 ||    13

Table legend: (Time is in decaauts)
 A = Elapsed time spent in this place.
 B = Non-inter-level travel time spent in this place.
 C = Inter-level travel time spent in this place.
 D = Time resting spent in this place.
 E = Time spent auto-exploring this place.
 F = Levels seen in this place.
 G = Mean time per level.
                   A        B        C        D        E       F      G
               +--------+--------+--------+--------+--------+-----+--------+
         Total |   2680 |   2680 |      0 |      0 |      0 |   4 |  670.0 |
       Dungeon |   2680 |   2680 |      0 |      0 |      0 |   4 |  670.0 |
               +--------+--------+--------+--------+--------+-----+--------+

Top non-repeatable levels by time:
     D:2: 1021 daAuts
     D:1: 839 daAuts
     D:3: 749 daAuts
     D:4: 69 daAuts
